 Dungeon Crawl Stone Soup version 0.29-a0-334-gb41bcbb86e (webtiles) character file.

Game seed: 12505320513754075620

128 Dauddaud the Chopper (level 4, -2/58 HPs)
             Began as a Minotaur Berserker on Apr 15, 2022.
             Was a Believer of Trog.
             Slain by a gnoll
             ... wielding a +0 halberd
              (15 damage)
             ... on level 3 of the Dungeon.
             The game lasted 00:05:40 (1801 turns).

Dauddaud the Chopper (Minotaur Berserker)           Turns: 1801, Time: 00:05:40

Health: -2/58      AC:  6    Str: 23    XL:     4   Next: 86%
Magic:  3/3        EV:  6    Int:  4    God:    Trog [**....]
Gold:   138        SH:  9    Dex: 10    Spells: 3/3 levels left

rFire   . . .      SeeInvis +   s - +3 mace (holy)
rCold   . . .      Faith    .   l - +0 tower shield
rNeg    . . .      Spirit   .   n - +0 ring mail
rPois   .          Reflect  .   (helmet restricted)
rElec   .          Harm     .   (no cloak)
rCorr   .          Rampage  .   (no gloves)
Will    +++..                   o - +0 pair of boots
Stlth   ..........              j - amulet of regeneration
HPRegen 1.99/turn               d - ring of see invisible
MPRegen 0.08/turn               r - ring of willpower

@: berserking, strong-willed, regenerating, very quick
A: horns 2, retaliatory headbutt
a: Renounce Religion, Berserk, Trog's Hand


You were on level 3 of the Dungeon.
You worshipped Trog.
Trog was pleased with you.
You visited 1 branch of the dungeon, and saw 3 of its levels.

You collected 138 gold pieces.

Inventory:

Hand Weapons
 a - a +0 hand axe
 s - a +3 mace of holy wrath (weapon)
 t - a +0 flail
Missiles
 k - 4 poisoned darts (quivered)
Armour
 b - a +0 animal skin
 f - a +0 leather armour
 l - a +0 tower shield (worn)
 n - a +0 ring mail (worn)
 o - a +0 pair of boots (worn)
Jewellery
 c - a +6 ring of intelligence
 d - a ring of see invisible (left hand)
 j - an amulet of regeneration (around neck)
 r - a ring of willpower (right hand)
Scrolls
 h - a scroll of torment {unknown}
 m - 2 scrolls of identify {unknown}
 q - 2 scrolls of blinking {unknown}
 u - a scroll of fear {unknown}
Potions
 e - 3 potions of invisibility {unknown}
 g - 2 potions of magic {unknown}
 i - 3 potions of curing {unknown}
 p - a potion of attraction {unknown}


   Skills:
 - Level 3.6 Fighting
 - Level 5.4(5.9) Axes
 + Level 3.4(4.9) Maces & Flails
 - Level 2.4 Armour
 - Level 2.1 Dodging
 - Level 0.6 Stealth
 - Level 0.4 Shields


You had 3 spell levels left.
You didn't know any spells.
Your spell library was empty.

Dungeon Overview and Level Annotations

Branches:
Dungeon (3/15)

Altars:
Uskayaw
The Shining One

Shops:
D:1 :   D:2 *


Innate Abilities, Weirdness & Mutations

You have a pair of horns on your head.
You reflexively headbutt those who attack you in melee.


Message History

The gnoll hits you but does no damage.
The gnoll hits you from afar with a +0 spear.
You block the gnoll's attack. The gnoll hits you with a +0 flail!
You are too injured to fight recklessly!
You are too injured to fight recklessly!
You are too injured to fight recklessly!
You are too injured to fight recklessly!
You are too injured to fight recklessly!
You are too injured to fight recklessly!
You are too injured to fight recklessly!
You are too injured to fight recklessly!
You are too injured to fight recklessly!
You are too injured to fight recklessly!
You are too injured to fight recklessly!
You are too injured to fight recklessly!
You are too injured to fight recklessly!
You are too injured to fight recklessly!
You are too injured to fight recklessly!
You are too injured to fight recklessly!
You are too injured to fight recklessly!
You are too injured to fight recklessly!
You are too injured to fight recklessly!
You are too injured to fight recklessly!
You are too injured to fight recklessly!
Your skin crawls.
You feel strong-willed. The gnoll hits you with a +0 flail!
* * * LOW HITPOINT WARNING * * *
You block the gnoll's attack.
A red film seems to cover your vision as you go berserk!
You feel yourself moving faster!
You feel mighty! The gnoll barely misses you.
The gnoll hits you but does no damage.
You hit the gnoll.
You kill the gnoll!
Trog accepts your kill.
The gnoll hits you from afar with a +0 spear.
* * * LOW HITPOINT WARNING * * *
You block the gnoll's attack.
The gnoll hits you from afar with a +0 halberd!
You die...

###... #.........#
#.#.###.. # ...
..#+##.........#
#.#...... # ##
#..............#
#........ ..
#.............##
#........ ##
+......########
##....... #......#
#....... #......#
#....... ####+
#......########
#.......
.......#........@gg..#
#.......
.......#....######...#
#.......
.......#....#⌠...# ..#
#.......
.......+....##...# .#
#....>..
.......#......._.# #
#.......
.......#....##...#
#.......
.......#....#⌠...#
#.......
..........########
########
#................


You could see 2 gnolls.

Vanquished Creatures
  2 gnolls (D:3)
  6 adders
  A worm (D:2)
  2 dart slugs
  7 ball pythons
  4 endoplasms
  4 goblins
  4 hobgoblins
  7 kobolds
  A quokka (D:1)
  3 bats (D:3)
  2 frilled lizards
  7 rats
  A bush (D:2)
51 creatures vanquished.

Notes
Turn   | Place    | Note
-------+----------+-------------------------------------------
     0 | D:1      | Dauddaud the Minotaur Berserker began the quest for the
                  | Orb.
     0 | D:1      | Reached XP level 1. HP: 19/19 MP: 0/0
    33 | D:1      | Found Nixirch's Book Emporium.
   303 | D:1      | Reached skill level 4 in Axes
   344 | D:1      | Reached XP level 2. HP: 26/26 MP: 1/1
  1013 | D:2      | Reached skill level 5 in Axes
  1013 | D:2      | Reached XP level 3. HP: 28/31 MP: 2/2
  1054 | D:2      | Found Abarobe's Assorted Antiques.
  1091 | D:2      | Reached ** piety under Trog
  1663 | D:3      | Reached skill level 1 in Maces & Flails
  1673 | D:3      | Reached XP level 4. HP: 39/39 MP: 3/3
  1721 | D:3      | Found a hide-covered altar of Uskayaw.
  1774 | D:3      | Found a glowing golden altar of the Shining One.
  1801 | D:3      | Slain by a gnoll

Illustrated notes

Levels and vault maps discovered:
D:1:      wander_arrival_estate, layout_rooms, serial_shops, shop
D:2:      layout_basic, serial_shops, nicolae_shop_advertising_works
          [nicolae_subvault_shop_adworks], minmay_hedge_maze,
          minmay_misc_feat_hallway
D:3:      layout_basic, mainiacjoe_overflow_alcove_2, lemuel_doored_altar,
          ebering_ecumenical_altar_sacrificial

Skill      XL: |  1  2  3  4 |
---------------+-------------+-----
Axes           | 4 5 |  5.4
Maces & Flails | 1 3 |  3.4
Fighting       | |  3.6
Armour         | |  2.4
Dodging        | |  2.1
Stealth        | |  0.6
Shields        | |  0.4

Action                   |  1- 3 |  4- 6 || total
-------------------------+-------+-------++-------
Melee: Hand axe          |   178 |       ||   178
       Headbutt          |    55 |     5 ||    60
       Mace              |    18 |    34 ||    52
Invok: Berserk           |       |     1 ||     1
       Trog's Hand       |       |     1 ||     1
Armor: Leather armour    |     4 |       ||     4
       Ring mail         |    36 |    25 ||    61
Dodge: Dodged            |    25 |    14 ||    39
Block: Tower shield      |    36 |    32 ||    68

Table legend: (Time is in decaauts)
 A = Elapsed time spent in this place.
 B = Non-inter-level travel time spent in this place.
 C = Inter-level travel time spent in this place.
 D = Time resting spent in this place.
 E = Time spent auto-exploring this place.
 F = Levels seen in this place.
 G = Mean time per level.
                   A        B        C        D        E       F      G
               +--------+--------+--------+--------+--------+-----+--------+
         Total |   1918 |   1816 |    102 |      0 |   1241 |   3 |  639.3 |
       Dungeon |   1918 |   1816 |    102 |      0 |   1241 |   3 |  639.3 |
               +--------+--------+--------+--------+--------+-----+--------+

Top non-repeatable levels by time:
     D:2: 983 daAuts
     D:1: 475 daAuts
     D:3: 460 daAuts
